Map: King's Cove LE

Players

Drew

  • Race: Terran Terran
  • League: Silver
  • Spawn Location: 11:00

wootwoot - Winner!

  • Race: Terran Terran
  • League: Bronze
  • Spawn Location: 5:00

VOD

Have the link to the VOD?

Description

Time

  • Played on: April 1, 2025, 3:09 p.m.
  • Length: 3:04
Show
View Real Time Build Order
Export as new Build Order

Drew Terran 

Build Orders:  

Get SALT Encoding   

  12  0:01  SCV  
  13  0:16  Supply Depot  
  13  0:19  SCV  
  14  0:31  SCV  
  15  0:40  Refinery  
  15  0:43  SCV  
  16  0:55  SCV  
  17  1:03  Supply Depot  
  17  1:07  SCV  
  18  1:17  Refinery  
  18  1:19  SCV  
  19  1:26  Engineering Bay  
  19  1:31  SCV  
  20  1:43  SCV  
  20  1:44  Engineering Bay  
  21  1:56  SCV  
  21  1:59  Barracks  
  22  2:08  SCV  
  23  2:09  Supply Depot  
  23  2:19  Barracks  
  23  2:20  SCV  
Show
View Real Time Build Order
Export as new Build Order

wootwoot Terran - Winner!

Build Orders:  

Get SALT Encoding   

  12  0:00  SCV  
  13  0:12  SCV  
  14  0:18  Supply Depot  
  14  0:24  SCV  
  15  0:30  Refinery  
  15  0:40  SCV  
  16  0:49  Barracks  
  16  1:04  Barracks  
  16  1:19  Barracks  
  16  1:28  Refinery  
  16  1:35  Reaper  
  17  1:51  Reaper  
  18  1:56  Orbital Command  
  18  2:08  Reaper  
  19  2:09  Reaper  
  20  2:23  Reaper  
  20  2:25  SCV  
  22  2:43  SCV  
Tags
 
Matchup
TvT
Race
Terran
Replay Pack
B2M-Replays
Spawn Locations
Cross Positions
Add a new tag
Caveats
  • Supply blocks, unpowered buildings, or Contaminate may cause inaccurate times.
  • Supply counts are checked every 10 seconds.